Map: Whirlwind LE (Void)

Players

Musumeci

  • Race: Zerg Zerg
  • League: Diamond
  • Spawn Location: 1:00

RedEyeAkame - Winner!

  • Race: Zerg Zerg
  • League: Diamond
  • Spawn Location: 11:00

VOD

Have the link to the VOD?

Description

Time

  • Played on: Jan. 2, 2017, 8:22 a.m.
  • Length: 17:34
Show
View Real Time Build Order
Export as new Build Order

Musumeci Zerg 

Build Orders: Hatch First 

Get SALT Encoding   

  12  0:08  Drone x2  
  14  0:16  Overlord  
  14  0:24  Extractor  
  14  0:36  Drone  
  14  0:41  Drone  
  16  0:51  Drone  
  16  0:54  Hatchery  
  16  1:02  Drone  
  17  1:12  Spawning Pool  
  17  1:18  Drone  
  17  1:23  Drone  
  18  1:34  Drone  
  19  1:46  Drone, Extractor  
  19  1:56  Drone  
  19  2:00  Queen  
  22  2:06  Queen  
  22  2:07  Drone x2  
  26  2:17  Zergling x2  
  26  2:20  Zergling x2  
  28  2:27  Overlord  
  28  2:51  Lair, Extractor, Roach Warren  
  27  2:53  Drone x5  
  30  3:19  Zergling x4  
  33  3:25  Drone x2  
  33  3:26  Drone x2  
  36  3:29  Overlord  
  36  3:32  Overlord  
  36  3:48  Roach  
  36  3:49  Roach x2  
  42  3:57  Hatchery  
  42  3:59  Roach x3  
  47  4:08  Drone x2  
  47  4:09  Drone x3  
  52  4:12  Extractor  
  49  4:33  Overlord x3  
  49  4:41  Hatchery  
  48  4:46  Drone x3  
  48  4:48  Drone  
  48  4:51  Drone, Extractor  
  52  4:53  Drone  
  53  5:19  Glial Reconstitution  
  53  5:21  Roach x10  
  69  5:49  Roach  
  75  5:50  Roach x3  
  75  5:51  Overlord x3  
  75  6:05  Drone x3  
  75  6:06  Drone x3  
  75  6:08  Drone, Evolution Chamber  
  75  6:09  Queen  
  83  6:13  Drone  
  83  6:15  Drone  
  83  6:17  Ravager  
  83  6:18  Ravager x2  
  88  6:32  Roach x6  
  102  6:33  Roach  
  102  6:35  Drone  
  103  6:43  Ravager x3  
  106  6:55  Overlord x3  
  106  6:56  Overlord  
  106  6:59  Zerg Missile Weapons Level 1  
  106  7:22  Roach x7  
  120  7:25  Overlord x3  
  120  7:26  Drone x4  
  120  7:29  Extractor  
  123  7:30  Extractor  
  123  7:34  Overseer, Ravager  
  123  7:42  Roach x4  
  131  7:50  Overlord x2  
  131  8:05  Ravager x6  
  127  8:36  Roach x8  
  127  8:37  Roach x4  
  128  8:56  Zerg Missile Weapons Level 2  
  111  9:17  Roach x8  
  111  9:18  Roach  
  102  9:30  Roach  
  102  9:31  Roach x4  
  109  9:39  Ravager x7  
  109  9:42  Roach x2  
  118  9:52  Roach x6  
  117  10:06  Roach x2  
  117  10:07  Roach x4  
  105  10:27  Hatchery, Spawning Pool  
  92  10:35  Hatchery  
  87  11:16  Roach Warren  
  79  11:46  Queen  
  79  11:47  Queen  
  83  11:58  Roach x9  
  101  12:13  Zerg Ground Armor Level 1  
  101  12:14  Drone  
  101  12:15  Drone  
  103  12:20  Drone x2  
  105  12:26  Ravager x3  
  105  12:27  Ravager x2  
  105  12:29  Ravager  
  111  12:31  Ravager  
  112  12:43  Drone x4  
  116  13:00  Ravager x2  
  116  13:01  Ravager x5  
  123  13:08  Drone  
  123  13:09  Drone x2  
  126  13:12  Overseer  
  126  13:35  Drone x8  
  126  13:37  Drone x3  
  133  13:59  Roach x3  
  133  14:00  Roach x6  
  136  14:04  Roach x2  
  131  14:14  Roach  
  131  14:15  Roach x3  
  139  14:25  Ravager x9  
  139  14:26  Ravager  
  149  14:48  Roach  
  149  14:49  Roach  
  87  15:07  Roach  
  87  15:08  Roach x6  
  70  15:16  Hatchery  
  70  15:17  Extractor  
  70  15:18  Extractor  
  67  15:23  Roach  
  67  15:24  Roach x3  
  75  15:30  Ravager x4  
  79  15:36  Ravager x2  
  79  15:37  Ravager  
  82  15:51  Roach x2  
  82  15:52  Roach x5  
  96  16:06  Roach x4  
  94  16:13  Roach x2  
  87  16:31  Roach x4  
  94  16:37  Ravager x2  
  96  16:49  Overlord x2  
  96  16:53  Ravager  
  96  16:54  Roach, Ravager x4  
  101  16:55  Roach  
  105  17:13  Roach x7  
Show
View Real Time Build Order
Export as new Build Order

RedEyeAkame Zerg - Winner!

Build Orders: Pool First 

Get SALT Encoding   

  12  0:01  Drone  
  13  0:12  Overlord  
  13  0:17  Drone  
  14  0:26  Drone, Extractor  
  15  0:31  Drone  
  16  0:42  Spawning Pool  
  15  0:47  Drone  
  16  1:08  Hatchery  
  16  1:11  Drone  
  16  1:20  Drone  
  16  1:21  Drone  
  18  1:28  Queen  
  20  1:34  Overlord  
  20  1:38  Drone  
  21  1:44  Drone, Extractor  
  21  1:57  Drone  
  22  2:04  Queen  
  24  2:11  Drone  
  25  2:17  Drone  
  26  2:24  Drone  
  27  2:36  Drone x2  
  29  2:38  Drone  
  29  2:39  Drone x2  
  29  2:43  Zergling x4  
  34  2:47  Metabolic Boost  
  34  2:52  Zergling x2  
  35  2:59  Zergling x2  
  36  3:19  Overlord  
  36  3:22  Roach Warren  
  36  3:25  Zergling x2  
  36  3:27  Overlord x3  
  36  3:37  Queen  
  38  3:42  Hatchery  
  37  3:53  Drone x10  
  37  3:54  Drone  
  48  4:02  Roach  
  50  4:08  Roach x2  
  54  4:15  Extractor  
  53  4:20  Roach  
  53  4:21  Roach x3  
  60  4:35  Roach x3  
  66  4:41  Extractor  
  65  4:51  Roach  
  67  4:54  Overlord x2  
  67  4:58  Drone  
  67  4:59  Drone x3  
  71  5:03  Overlord  
  71  5:07  Lair  
  71  5:09  Evolution Chamber  
  71  5:10  Evolution Chamber  
  68  5:15  Pneumatized Carapace  
  68  5:18  Drone x7  
  75  5:28  Queen  
  74  5:43  Drone x5  
  74  5:44  Drone x6  
  83  5:53  Zerg Missile Weapons Level 1  
  83  6:03  Roach x4  
  91  6:09  Spine Crawler x2  
  89  6:14  Ravager  
  89  6:15  Ravager  
  91  6:19  Extractor  
  90  6:28  Extractor  
  90  6:30  Overlord x4  
  90  6:31  Drone  
  90  6:32  Drone x5  
  95  6:45  Roach  
  97  6:53  Roach  
  97  6:54  Roach x7  
  113  6:56  Glial Reconstitution  
  113  7:06  Roach  
  113  7:07  Roach x4  
  123  7:23  Roach x3  
  123  7:25  Overlord x2  
  129  7:31  Hydralisk Den  
  129  7:32  Zerg Ground Armor Level 1  
  128  7:41  Overlord x2  
  128  7:54  Ravager x5  
  128  7:55  Overlord x5  
  128  7:57  Unknown  
  133  8:05  Roach x4  
  135  8:06  Roach x8  
  151  8:16  Queen  
  153  8:25  Hatchery, Roach  
  153  8:26  Roach x7  
  156  8:45  Drone x3  
  156  8:46  Drone x4  
  143  8:57  Roach  
  143  8:58  Roach x8  
  156  9:24  Drone x7  
  161  9:35  Ravager  
  161  9:36  Ravager x2  
  164  9:40  Hatchery  
  154  10:02  Roach x3  
  154  10:03  Roach x3  
  121  10:29  Roach  
  121  10:30  Roach x3  
  121  10:33  Spine Crawler  
  121  10:34  Spine Crawler  
  121  10:35  Spine Crawler x2  
  98  10:38  Spine Crawler x2  
  98  10:41  Roach x2  
  83  10:48  Roach  
  83  10:49  Roach x4  
  91  10:52  Ravager x4  
  95  10:57  Roach x2  
  95  10:59  Hydralisk  
  101  11:07  Hydralisk x4  
  109  11:17  Hydralisk x4  
  106  11:42  Hydralisk x3  
  106  11:43  Hydralisk x7  
  126  11:52  Unknown x3  
  126  12:01  Drone  
  126  12:02  Drone x4  
  126  12:12  Roach  
  126  12:13  Roach x3  
  134  12:22  Drone x4  
  138  12:42  Roach  
  138  12:43  Roach x2  
  144  12:53  Hatchery  
  143  13:02  Muscular Augments  
  143  13:05  Zerg Missile Weapons Level 2  
  143  13:21  Roach x3  
  149  13:36  Roach x2  
  149  13:37  Roach  
  141  14:12  Roach x2  
  141  14:13  Roach x4  
  151  14:18  Overseer  
  151  14:42  Roach x5  
  151  14:45  Unknown  
  161  14:47  Hatchery  
  138  15:00  Roach  
  138  15:01  Roach x6  
  98  15:18  Queen  
  100  15:27  Hydralisk x5  
  110  15:44  Roach x2  
  110  15:45  Roach x4  
  114  16:13  Roach x9  
  132  16:40  Hydralisk x6  
  143  17:01  Roach  
  143  17:02  Roach x5  
Tags
 
Add a new tag
Caveats
  • Supply blocks, unpowered buildings, or Contaminate may cause inaccurate times.
  • Supply counts are checked every 10 seconds.